 Dungeon Crawl Stone Soup version 0.30-a0-585-g93115170b9 (webtiles) character file.

Game seed: 3524331532095383194

35976 spardeous the Spry (level 13, -2/60 HPs)
             Began as a Felid Earth Elementalist on Jan 2, 2023.
             Was an Initiate of Gozag.
             Shot with an arrow by Nessos (17 damage)
             ... on level 5 of the Lair of Beasts.
             The game lasted 00:54:12 (23016 turns).

spardeous the Spry (Felid Earth Elementalist)      Turns: 23016, Time: 00:54:13

Health: -2/60      AC:  7    Str:  4    XL:     13   Next: 50%
Magic:  25/28      EV: 33    Int: 22    God:    Gozag
Gold:   2120       SH:  0    Dex: 16    Spells: 24/32 levels left
                                        Lives:  0   Deaths: 4

rFire   . . .      SeeInvis +      - Unarmed
rCold   + . .      Faith    .    (shield unavailable)
rNeg    . . .      Spirit   .    (body armour unavailable)
rPois   .          Reflect  .    (helmet unavailable)
rElec   .          Harm     .    (cloak unavailable)
rCorr   .          Rampage  .    (gloves unavailable)
Will    +....                    (boots unavailable)
Stlth   ++                       t - amulet of magic regeneration
HPRegen 0.30/turn                c - +5 ring of evasion
MPRegen 0.61/turn                p - +4 ring of protection

@: about to teleport, quick
A: very small, claws 1, fangs 3, see invisible, speed 1, shaggy fur 3, stealthy
paws, no weapons or thrown items, no armour, multi-lived, passive freeze,
MP-powered wands
a: Renounce Religion, Potion Petition, Call Merchant, Bribe Branch


You were on level 5 of the Lair of Beasts.
You worshipped Gozag.
Gozag was most pleased with you.
You visited 3 branches of the dungeon, and saw 17 of its levels.
You also visited: Bailey.

You collected 5514 gold pieces.
You spent 54 gold pieces at shops.
You paid 3340 gold pieces to Gozag.

Inventory:

Jewellery
 c - a +5 ring of evasion (left paw)
 d - an amulet of guardian spirit
 n - a ring of flight
 p - a +4 ring of protection (right paw)
 t - an amulet of magic regeneration (around neck)
 z - a ring of protection from cold
 A - a +6 ring of strength
 C - a ring of fire
 N - an amulet of regeneration
Wands
 h - a wand of quicksilver (5)
 w - a wand of polymorph (9)
 K - a wand of flame (27)
 L - a wand of roots (15)
 O - a wand of digging (9)
Scrolls
 g - a scroll of immolation
 j - 4 scrolls of fog
 l - a scroll of torment
 m - 6 scrolls of teleportation
 q - 3 scrolls of amnesia
 u - 4 scrolls of enchant weapon
 x - 3 scrolls of blinking
 y - a scroll of fear {unknown}
 E - 4 scrolls of enchant armour
 G - 2 scrolls of vulnerability {unknown}
 I - 6 scrolls of summoning
 J - a scroll of noise {unknown}
 M - a scroll of magic mapping
 Q - a scroll of silence
Potions
 a - 3 potions of magic
 b - 2 potions of curing
 e - 2 potions of degeneration
 f - a potion of brilliance
 i - 4 potions of haste
 k - 4 potions of flight
 o - 5 potions of heal wounds
 r - 2 potions of berserk rage
 s - 9 potions of might
 v - a potion of ambrosia
 B - 3 potions of cancellation
 D - a potion of lignification
 F - 2 potions of resistance
 H - 2 potions of mutation
 R - a potion of attraction


   Skills:
 + Level 9.6 Fighting
 - Level 16.0 Dodging
 - Level 2.6 Stealth
 - Level 7.2 Unarmed Combat
 - Level 10.0 Spellcasting
 - Level 10.0 Conjurations
 - Level 8.0 Transmutations
 - Level 10.0 Earth Magic


You had 24 spell levels left.
You knew the following spells:

 Your Spells              Type           Power      Damage    Failure   Level
a - Sandblast             Erth           100%       2d20      1%          1
b - Stone Arrow           Conj/Erth      100%       3d13      1%          3
c - Petrify               Tmut/Erth      50%        N/A       1%          4

Your spell library contained the following spells:

 Spells                   Type           Power      Damage    Failure   Level
 Kiss of Death            Conj/Necr      100%       2d13      1%          1
 Magic Dart               Conj           100%       1d8       1%          1
 Shock                    Conj/Air       100%       1d9       1%          1
 Passwall                 Tmut/Erth      41%        N/A       1%          2
 Searing Ray              Conj           100%       2d8       1%          2
 Static Discharge         Conj/Air       66%        2-5/arc   1%          2
 Iskenderun's Battlesphe  Conj           53%        2d10      2%          5
 Necrotise                Necr           44%        1d6       6%          1
 Slow                     Hex            44%        N/A       6%          1
 Fulminant Prism          Conj/Hex       16%        3d10      8%          4
 Confusing Touch          Hex            11%        N/A       19%         3
 Gell's Gravitas          Tloc           11%        N/A       19%         3
 Lesser Beckoning         Tloc           22%        N/A       19%         3
 Swiftness                Air            11%        N/A       19%         3
 Teleport Other           Tloc           11%        N/A       19%         3
 Vampiric Draining        Necr           11%        2d6       19%         3
 Vhi's Electric Charge    Tloc/Air       22%        N/A       19%         3
 Arcjolt                  Conj/Air       16%        1d26      22%         5
 Fireball                 Conj/Fire      16%        3d8       22%         5
 Lightning Bolt           Conj/Air       16%        1d30      22%         5
 Airstrike                Air            5%         2d(1-17)  52%         4
 Dispel Undead            Necr           11%        3d9       52%         4
 Orb of Destruction       Conj           26%        9d9       63%         7
 Conjure Ball Lightning   Conj/Air       16%        3x3d7     75%         6
 Agony                    Necr           11%        N/A       86%         5
 Summon Forest            Summ/Tloc      5%         N/A       86%         5
 Eringya's Noxious Bog    Tmut/Pois      14%        N/A       87%         6
 Dispersal                Tloc           5%         N/A       100%        6
 Summon Hydra             Summ           5%         N/A       100%        7
 Lehudib's Crystal Spear  Conj/Erth      26%        10d7      100%        8
 Animate Armour           Summ/Erth      Unusable   N/A       N/A         4

Dungeon Overview and Level Annotations

Branches:
Dungeon (11/15)            Temple (1/1) D:4            Lair (5/5) D:11
 Shoals (0/4) Lair:3        Snake (0/4) Lair:3        Slime (0/5) Lair:5
    Orc (0/2) D:9          Bailey (visited)

Altars:
Ashenzari
Cheibriados
Dithmenos
Elyvilon
Fedhas
Gozag
Hepliaklqana
Kikubaaqudgha
Makhleb
Nemelex Xobeh
Okawaru
Qazlal
Ru
Sif Muna
Trog
Uskayaw
Vehumet
Wu Jian
Xom
Yredelemnul
Zin
The Shining One

Shops:
D:7 *   D:9 ([[=*   Lair:1 *===

Portals:
Abyss: D:10

Annotations:
Lair:5 1 runed translucent door, Nessos


Innate Abilities, Weirdness & Mutations

You have sharp claws.
You have razor-sharp teeth.
You have supernaturally acute eyesight. (SInv)
You cover ground quickly. (Speed+)
Your thick and shaggy fur keeps you warm. (AC +3, rC+)
Your paws help you pounce on unaware monsters.
You are incapable of wielding weapons or throwing items.
You cannot wear armour.
You gain extra lives every three experience levels.
A frigid envelope surrounds you and freezes all who hurt you.
You expend magic power (3 MP) to strengthen your wands.


Message History

You now have 2120 gold pieces (gained 21).
Found a runed translucent door.
Nessos shouts!
You open the door. Nessos barely misses you. Nessos completely misses you.
Nessos is nearby!
Nessos is nearby!
Nessos is nearby!
Nessos is nearby!
Okay, then.
Okay, then.
Casting: Stone Arrow (safe; 1% risk of failure)
Confirm with . or Enter, or press ? or * to list all spells.
Aiming: Stone Arrow (safe; 1% risk of failure)
Press: ? - help, Shift-Dir - straight line, f - Nessos
Aim: Nessos, wearing a +1 barding (87% to hit)
The stone arrow hits Nessos!
Nessos is lightly wounded.
Nessos casts a spell.
Nessos blinks!
Casting: Stone Arrow (safe; 1% risk of failure)
Confirm with . or Enter, or press ? or * to list all spells.
Aiming: Stone Arrow (safe; 1% risk of failure)
Press: ? - help, Shift-Dir - straight line, f/p - Nessos
Aim: Nessos, wearing a +1 barding (lightly wounded, 87% to hit)
The stone arrow misses Nessos.
Nessos wields a +3 longbow of flaming.
It bursts into flame!
Nessos shoots an arrow.
The arrow hits you!! The arrow burns you.
You are poisoned.
Nessos shoots an arrow.
The arrow hits you! The arrow burns you.
You are lethally poisoned!
* * * LOW HITPOINT WARNING * * *
* * * LOW HITPOINT WARNING * * *
You feel extremely sick.
Okay, then.
You feel better.
Okay, then.
As you read the scroll of teleportation, it crumbles to dust.
You feel strangely unstable.
Nessos shoots an arrow.
The arrow hits you!
You die...
Your body crumbles into a pile of gold.

............♣♣ ♣...#
.............♣ ####+# ## ♣..##
.............♣ #....#..# ♣.##
.....#####.♣♣♣ #....#.. ♣.P##
.....#.####♣ #....+. ♣...#
....#.....# #....# ♣..##
...#......## #....# ♣.###
...#.......## ♣###c#####♣♣...#
...##P....#.♣♣♣.@.§.§§§§♣♣.###
...##P.......♣♣.§§♣.§§§§♣♣.♣♣
..PP##....##♣♣♣♣§..♣♣♣♣♣♣♣♣.♣
..PP###.PP# ♣♣♣♣..♣.♣♣♣♣♣.#
....###.####♣♣♣.♣♣..♣.♣.♣♣.##
....#....#..[..♣.♣.♣.♣.♣...##
...............♣..♣.♣♣♣♣....#
...............♣♣♣♣♣♣ ♣♣....##
................♣♣♣♣♣♣♣......#


You could see Nessos.

Vanquished Creatures
  Gastronok (D:8)
  Snorg (Lair:3)
  Harold (Lair:1)
  5 hydras
  The ghost of 2FriedEggs the Sluggish Demonspawn, a journeyman DsMo of Cheibriados (D:10)
  3 catoblepae (Lair:5)
  3 boulder beetles
  2 two-headed ogres
  9 death yaks (Lair:5)
  A skeletal warrior (D:10)
  A wizard (D:10)
  3 harpies (Lair:3)
  2 orc knights (Bailey)
  2 manticores (Lair:5)
  10 elephants (Lair:5)
  11 black mambas
  Joseph (Lair:1)
  A torpor snail (Lair:5)
  2 gargoyles (D:11)
  7 komodo dragons
  7 cane toads
  5 trolls
  4 polar bears
  Grinder (D:6)
  5 dream sheep
  23 blink frogs
  2 slime creatures (Lair:5)
  2 shadows (D:11)
  A wraith (D:11)
  4 wyverns
  51 yaks
  The ghost of
  12572944 the Trooper, an amateur MiBe of Trog (D:6)
  5 basilisks
  Grum (D:10)
  3 steam dragons
  4 acid dragons
  14 water moccasins
  3 ice beasts (D:7)
  12 orc warriors
  A sky beast (D:6)
  An ogre (D:4)
  5 centaurs
  15 wolves
  A kobold brigand (D:11)
  14 bullfrogs
  3 gnoll sergeants
  A necrophage (D:5)
  6 scorpions
  11 wights
  4 killer bees
  8 electric eels
  A lava snake (D:9)
  6 jellies
  6 hounds
  6 orc priests
  A gnoll bouda (D:7)
  5 iguanas
  Natasha (thrice) (D:2)
  8 orc wizards
  2 small abominations (D:10)
  22 gnolls
  4 adders
  An ufetubus (D:5)
  2 worms
  5 dart slugs
  52 orcs
  8 endoplasms
  3 giant cockroaches
  8 goblins
  5 hobgoblins
  3 jackals (D:3)
  3 quokkas
  6 ball pythons
  2 bats
  6 frilled lizards
  5 kobolds
  8 rats
  2 butterflies (Lair:1)
468 creatures vanquished.

Vanquished Creatures (others)
  33 fungi
  59 plants
92 creatures vanquished.

Grand Total: 560 creatures vanquished

Notes
Turn   | Place    | Note
-------+----------+-------------------------------------------
     0 | D:1      | spardeous the Felid Earth Elementalist began the quest for
                  | the Orb.
     0 | D:1      | Reached XP level 1. HP: 7/7 MP: 4/4
   347 | D:1      | Reached XP level 2. HP: 11/11 MP: 4/6
  1093 | D:2      | Found a faded altar of an unknown god.
  1103 | D:2      | Reached XP level 3. HP: 14/14 MP: 5/7
  1357 | D:2      | Reached XP level 4. HP: 13/18 MP: 1/8
  1588 | D:2      | Noticed Natasha
  1593 | D:2      | Killed Natasha
  1962 | D:2      | Noticed Natasha
  1969 | D:2      | Killed Natasha
  1970 | D:2      | Reached skill level 5 in Earth Magic
  2083 | D:2      | Noticed Natasha
  2085 | D:2      | Killed Natasha
  2086 | D:2      | Reached XP level 5. HP: 21/21 MP: 6/9
  2149 | D:3      | Learned a level 3 spell: Stone Arrow
  2154 | D:3      | Learned a level 4 spell: Petrify
  2218 | D:3      | Found a glowing golden altar of the Shining One.
  2839 | D:3      | Found a burning altar of Makhleb.
  3479 | D:4      | Gained mutation: You are covered in thick fur. (AC +2)
                  | [Felid growth]
  3479 | D:4      | Reached XP level 6. HP: 24/24 MP: 8/13
  3623 | D:4      | Noticed a yak
  3624 | D:4      | Noticed a yak
  3624 | D:4      | Noticed a yak
  3710 | D:4      | Killed a yak
  3711 | D:4      | Reached skill level 5 in Spellcasting
  3737 | D:4      | Killed a yak
  3738 | D:4      | Reached skill level 4 in Dodging
  3738 | D:4      | Reached XP level 7. HP: 27/27 MP: 10/15
  3768 | D:4      | Killed a yak
  3769 | D:4      | Reached skill level 6 in Dodging
  4139 | D:4      | Reached skill level 7 in Dodging
  4232 | D:4      | Found a staircase to the Ecumenical Temple.
  4252 | Temple   | Entered the Ecumenical Temple
  4419 | Temple   | Became a worshipper of Gozag Ym Sagoz the Greedy
  4556 | D:5      | Entered Level 5 of the Dungeon
  4612 | D:5      | Reached skill level 8 in Dodging
  4725 | D:5      | Reached XP level 8. HP: 31/31 MP: 13/16
  4877 | D:5      | Reached skill level 9 in Dodging
  5294 | D:6      | Reached skill level 10 in Dodging
  5344 | D:6      | Noticed a two-headed ogre
  5346 | D:6      | Noticed 12572944's ghost (amateur MiBe)
  5349 | D:6      | Found a transporter.
  5358 | D:6      | Noticed Grinder
  5372 | D:6      | Killed Grinder
  5577 | D:6      | Reached skill level 5 in Transmutations
  5692 | D:6      | Reached XP level 9. HP: 34/34 MP: 15/17
  5772 | D:6      | Found an ornate altar of the Wu Jian Council.
  5825 | D:6      | Found a transporter.
  5940 | D:6      | Found a shadowy altar of Dithmenos.
  6238 | D:7      | Found a broken altar of Ashenzari.
  6320 | D:7      | Found Amost's Assorted Antiques.
  6325 | D:7      | Bought 2 cyan potions for 54 gold pieces
  6552 | D:7      | Reached skill level 1 in Conjurations
  7210 | D:8      | Noticed Gastronok
  7348 | D:8      | Found a hide-covered altar of Uskayaw.
  7534 | D:8      | Found an ornate altar of the Wu Jian Council.
  7535 | D:8      | Noticed a troll
  7536 | D:8      | Found a shimmering altar of Xom.
  7536 | D:8      | Found a basalt altar of Yredelemnul.
  7538 | D:8      | Found a glowing silver altar of Zin.
  7538 | D:8      | Found a burning altar of Makhleb.
  7538 | D:8      | Found an opulent altar of Gozag.
  7560 | D:8      | Killed a troll
  7668 | D:8      | Killed Gastronok
  7669 | D:8      | Reached XP level 10. HP: 37/37 MP: 10/18
  7826 | D:8      | Found a hazy altar of Hepliaklqana.
  8172 | D:8      | Found a sacrificial altar of Ru.
  8187 | D:8      | Noticed a two-headed ogre
  8222 | D:8      | Killed a two-headed ogre
  8277 | D:8      | Found a snail-covered altar of Cheibriados.
  8568 | D:9      | Reached skill level 1 in Unarmed Combat
  8584 | D:9      | Found Taeso's Jewellery Shop.
  8915 | D:9      | Found Otik's Armour Shop.
  9056 | D:9      | Killed from afar by an acid dragon
  9057 | D:9      | Reached XP level 9. HP: -1/34 MP: 17/17
  9063 | D:9      | Found Vobrun's Antique Weapon Boutique.
  9117 | D:9      | Killed from afar by an acid dragon
  9118 | D:9      | Reached XP level 8. HP: -4/31 MP: 14/16
  9226 | D:9      | Found Rumugasiqu's Elemental Accessories.
  9395 | D:9      | Found a staircase to the Orcish Mines.
  9645 | D:9      | Reached XP level 9. HP: 4/34 MP: 6/17
  9857 | D:9      | Found Gapleus's Antique Armour Shop.
  9924 | D:9      | Reached skill level 11 in Dodging
 10032 | D:10     | Entered Level 10 of the Dungeon
 10045 | D:10     | Found an iron altar of Okawaru.
 10116 | D:10     | Noticed Grum
 10155 | D:10     | Reached skill level 12 in Dodging
 10160 | D:10     | Killed Grum
 10266 | D:10     | Found a flagged portal.
 10279 | Bailey   | Entered a bailey
 10575 | Bailey   | Noticed an orc knight
 10655 | Bailey   | Noticed an orc knight
 10670 | Bailey   | Killed an orc knight
 10772 | Bailey   | Killed an orc knight
 10773 | Bailey   | Reached XP level 10. HP: 37/37 MP: 8/18
 10885 | D:10     | Noticed a wizard
 10956 | D:10     | Noticed a skeletal warrior
 11049 | D:10     | Noticed 2FriedEggs's ghost (journeyman DsMo)
 11051 | D:10     | Found a transporter.
 11051 | D:10     | Found a transporter.
 11090 | D:10     | Found a one-way gate to the infinite horrors of the Abyss.
 11682 | D:6      | Killed 12572944's ghost
 11847 | D:6      | Killed a two-headed ogre
 11864 | D:6      | Gained mutation: You are somewhat resistant to further
                  | mutation. [potion of mutation]
 11864 | D:6      | Lost mutation: You are somewhat resistant to further
                  | mutation. [potion of mutation]
 11864 | D:6      | Gained mutation: You expend magic power (3 MP) to
                  | strengthen your wands. [potion of mutation]
 11864 | D:6      | Gained mutation: A frigid envelope surrounds you and
                  | freezes all who hurt you. [potion of mutation]
 12145 | D:10     | Killed 2FriedEggs's ghost
 12354 | D:10     | Killed a wizard
 12415 | D:10     | Killed a skeletal warrior
 12532 | D:11     | Noticed a gargoyle
 12549 | D:11     | Killed a gargoyle
 12555 | D:11     | Noticed a gargoyle
 12561 | D:11     | Killed a gargoyle
 12628 | D:11     | Reached XP level 11. HP: 40/40 MP: 5/19
 12654 | D:11     | Noticed a boulder beetle
 12724 | D:11     | HP: 2/40 [boulder beetle (38)]
 13314 | D:11     | Killed from afar by an electric eel
 13315 | D:11     | Reached XP level 10. HP: -4/37 MP: 14/18
 13360 | D:11     | HP: 1/37 [electric eel/bolt of electricity (12)]
 13526 | D:11     | Noticed a boulder beetle
 13787 | D:11     | Reached skill level 10 in Earth Magic
 13905 | D:11     | Found a staircase to the Lair.
 14502 | D:11     | Killed a boulder beetle
 14503 | D:11     | Reached skill level 5 in Unarmed Combat
 14892 | D:11     | Killed a boulder beetle
 15088 | Lair:1   | Entered Level 1 of the Lair of Beasts
 15088 | Lair:1   | Noticed Harold
 15290 | Lair:1   | Killed Harold
 15291 | Lair:1   | Reached XP level 11. HP: 40/40 MP: 3/19
 15334 | Lair:1   | Noticed Joseph
 15589 | Lair:1   | Killed Joseph
 15726 | Lair:1   | Reached skill level 1 in Fighting
 16969 | Lair:2   | Gained mutation: Your thick and shaggy fur keeps you warm.
                  | (AC +3, rC+) [Felid growth]
 16969 | Lair:2   | Reached XP level 12. HP: 50/50 MP: 14/23
 17504 | Lair:3   | Noticed a boulder beetle
 17519 | Lair:3   | Killed a boulder beetle
 17520 | Lair:3   | Reached skill level 10 in Conjurations
 17687 | Lair:3   | Noticed Snorg
 17727 | Lair:3   | Killed Snorg
 17870 | Lair:3   | Noticed a seven-headed hydra
 17898 | Lair:3   | Killed a seven-headed hydra
 18105 | Lair:3   | Found a staircase to the Snake Pit.
 18266 | Lair:3   | Found a staircase to the Shoals.
 18835 | Lair:4   | Noticed a seven-headed hydra
 18852 | Lair:4   | Killed a seven-headed hydra
 19027 | Lair:4   | Reached skill level 10 in Spellcasting
 19352 | Lair:4   | Reached XP level 13. HP: 54/54 MP: 26/28
 19384 | Lair:4   | Reached skill level 13 in Dodging
 19804 | Lair:5   | Entered Level 5 of the Lair of Beasts
 19893 | Lair:5   | Reached skill level 14 in Dodging
 20070 | Lair:5   | Slain by an elephant
 20071 | Lair:5   | Reached XP level 12. HP: 0/50 MP: 27/27
 20071 | Lair:5   | Noticed a six-headed hydra
 20076 | Lair:5   | Found a staircase to the Slime Pits.
 20213 | Lair:5   | Killed a catoblepas
 20214 | Lair:5   | Reached skill level 15 in Dodging
 20379 | Lair:5   | Noticed a four-headed hydra
 20385 | Lair:5   | Killed a four-headed hydra
 20528 | Lair:5   | Found a stormy altar of Qazlal.
 20536 | Lair:5   | Reached skill level 16 in Dodging
 20637 | Lair:5   | Killed a six-headed hydra
 20638 | Lair:5   | Reached skill level 5 in Fighting
 20739 | Lair:5   | Noticed a death yak
 20741 | Lair:5   | Noticed a death yak
 20741 | Lair:5   | Noticed a death yak
 20920 | Lair:5   | Killed a death yak
 21122 | Lair:5   | Noticed a five-headed hydra
 21178 | Lair:5   | Killed a death yak
 21179 | Lair:5   | Reached XP level 13. HP: 57/57 MP: 21/28
 21255 | Lair:5   | Identified a scroll of acquirement
 21374 | Lair:5   | Acquired 519 gold pieces
 23002 | Lair:5   | Found a runed translucent door.
 23003 | Lair:5   | Noticed Nessos
 23008 | Lair:5   | Noticed a tentacled starspawn
 23016 | Lair:5   | Shot with an arrow by Nessos

Illustrated notes

Levels and vault maps discovered:
D:1:      lemuel_arrival_hallway, layout_rooms, serial_bayou_lagoon_a,
          minmay_misc_feat_plants, minmay_curled_crystal
D:2:      layout_loops_cross, basic_ecumenical_altar, uniq_natasha
D:3:      layout_basic, nicolae_tso_swordbearing_angel, lightli_temple_of_fire,
          st_stairs_2, chequers_serial_rivers_room_a
D:4:      layout_basic, minmay_temple_entry_crystal_x
D:5:      layout_rooms
D:6:      layout_loops_cross, mainiacjoe_overflow_brackets,
          lemuel_coloured_pillars_altar, gammafunk_ghost_arena, uniq_grinder
D:7:      layout_loops_ring, ashenzari_altar_1, serial_shops,
          kennysheep_little_box, serial_bayou_crossing
D:8:      layout_loops_corners, kennysheep_mini_moat,
          mainiacjoe_overflow_large_starburst,
          mainiacjoe_overflow_surrounded_room, doesnt_xom_only_xom,
          fungi_pond_lemuel, uniq_gastronok
D:9:      layout_loops_corners, david_orc_4, serial_shops, shop_coins, shop,
          nicolae_shop_statue_plus, shop, serial_park_tiny_pond,
          nicolae_elemental_shop, nicolae_lava_and_water
D:10:     layout_loops_cross, okawaru_gym_becter,
          gammafunk_ghost_abyssal_escape, enter_bailey_2, uniq_grum
D:11:     layout_basic, erik_lair_island, st_stairs_4
Temple:   minmay_temple_curvy_loop
Lair:1:   layout_big_grid, lemuel_fruit_fields, serial_bayou_shore_a,
          grunt_megastairs_1, uniq_harold, uniq_joseph
Lair:2:   layout_long_grid
Lair:3:   layout_gridlike, nicolae_shoals_entry_roost,
          minmay_snake_entry_six_corridors, uniq_snorg
Lair:4:   layout_misc_corridors, st_stairs_13
Lair:5:   evilmike_catoblepas_cave, layout_regular_city,
          minmay_slime_entry_pillars, basic_altar,
          pdpol_lair_cabin_in_the_woods, serial_bayou_shore_b, uniq_nessos

Skill      XL: |  1  2  3  4  5  6  7  8  9 10 11 12 13 |
---------------+----------------------------------------+-----
Earth Magic    | 3 4 5 6 10 | 10.0
Spellcasting   | 4 5 6 10 | 10.0
Dodging        | 4 8 10 12 16 14 | 16.0
Transmutations | 6 8 |  8.0
Conjurations   | 6 8 9 10 | 10.0
Unarmed Combat | 3 6 7 |  7.2
Fighting       | 4 6 9 |  9.6
Stealth        | |  2.6

Action                   |  1- 3 |  4- 6 |  7- 9 | 10-12 | 13-15 || total
-------------------------+-------+-------+-------+-------+-------++-------
Melee: Unarmed           |     1 |       |     9 |    92 |    17 ||   119
       Bite              |     1 |       |     1 |    17 |     3 ||    22
       Punch             |       |       |     1 |     4 |       ||     5
 Cast: Sandblast         |    51 |    68 |   290 |   158 |    59 ||   626
       Stone Arrow       |       |       |    78 |   458 |   131 ||   667
       Petrify           |       |       |     2 |    39 |       ||    41
Invok: Call Merchant     |       |       |       |     3 |     1 ||     4
Evoke: Wand              |       |       |       |     8 |       ||     8
  Use: Scroll            |       |       |    14 |     8 |     6 ||    28
       Potion            |       |       |     3 |     6 |     1 ||    10
 Stab: Petrified         |       |       |     8 |    52 |       ||    60
       Petrifying        |       |       |       |     1 |       ||     1
Armor: Skin              |       |       |    18 |    17 |     8 ||    43
Dodge: Dodged            |     6 |    13 |   218 |   348 |   101 ||   686

Table legend: (Time is in decaauts)
 A = Elapsed time spent in this place.
 B = Non-inter-level travel time spent in this place.
 C = Inter-level travel time spent in this place.
 D = Time resting spent in this place.
 E = Time spent auto-exploring this place.
 F = Levels seen in this place.
 G = Mean time per level.
                   A        B        C        D        E       F      G
               +--------+--------+--------+--------+--------+-----+--------+
         Total |  20479 |  19156 |   1323 |   2068 |  12136 |  18 | 1137.7 |
       Dungeon |  12987 |  12023 |    964 |   1640 |   7484 |  11 | 1180.6 |
        Temple |    193 |    169 |     24 |      0 |    156 |   1 |  193.0 |
          Lair |   6767 |   6432 |    335 |    373 |   4284 |   5 | 1353.4 |
        Bailey |    530 |    530 |      0 |     54 |    212 |   1 |  530.0 |
               +--------+--------+--------+--------+--------+-----+--------+

Top non-repeatable levels by time:
    D:11: 2504 daAuts
  Lair:5: 2381 daAuts
    D:10: 1371 daAuts
     D:9: 1305 daAuts
  Lair:3: 1293 daAuts
     D:8: 1281 daAuts
  Lair:4: 1255 daAuts
     D:6: 1217 daAuts
     D:2: 1170 daAuts
     D:4: 1008 daAuts
  Lair:1: 954 daAuts
     D:3: 924 daAuts
  Lair:2: 883 daAuts
     D:7: 863 daAuts
     D:1: 693 daAuts
